[Event "LLWestMV2014-15"]
[Site "?"]
[Date "2015.02.22"]
[Round "6.2"]
[White "Skriwanek, Arne"]
[Black "Arning, Norbert"]
[Result "1/2-1/2"]
[ECO "C50"]
[WhiteElo "1762"]
[BlackElo "1939"]
[PlyCount "41"]
[EventType "team-tourn"]
[EventRounds "9"]
[WhiteTeam "VfL Blau Weisz Neukloster"]
[BlackTeam "SV Malchower Schachinsel"]
[TimeControl "240+2"]

{597MB} 1. e4 e5 2. Nf3 Nc6 3. Bc4 Nf6 4. Nc3 Bc5 5. d3 h6 6. O-O O-O 7. Qe1 d6
8. Be3 Bg4 9. Bxc5 Bxf3 10. Be3 Bg4 11. f3 Be6 12. Qh4 d5 13. exd5 Nxd5 14.
Qxd8 Rfxd8 15. Bxd5 Bxd5 16. f4 Nd4 17. Bxd4 exd4 18. Nxd5 Rxd5 19. Rae1 Kf8
20. Rf2 Re8 21. Rfe2 1/2-1/2

[Event "LLWestMV2014-15"]
[Site "?"]
[Date "2015.02.22"]
[Round "6.3"]
[White "Schmidt, Joerg"]
[Black "Post, Ingo"]
[Result "1-0"]
[ECO "A24"]
[WhiteElo "1917"]
[BlackElo "1545"]
[PlyCount "79"]
[EventType "team-tourn"]
[EventRounds "9"]
[WhiteTeam "SV Malchower Schachinsel"]
[BlackTeam "VfL Blau Weisz Neukloster"]
[TimeControl "240+2"]

{597MB} 1. c4 g6 2. Nc3 d6 3. g3 Bg7 4. Bg2 Nf6 5. Nf3 e5 6. O-O O-O 7. b4 a6
8. a4 Be6 9. d3 e4 10. Nd4 exd3 11. Nxe6 fxe6 12. Bb2 dxe2 13. Qxe2 e5 14. Bxb7
Ra7 15. Bg2 Qd7 16. Rad1 Nc6 17. Nd5 Nxd5 18. Bxd5+ Kh8 19. Qe3 Nd4 20. Bxd4
exd4 21. Rxd4 c5 22. bxc5 dxc5 23. Re4 Bd4 24. Qd3 a5 25. Qc2 Ra6 26. Kg2 Raf6
27. f3 g5 28. h4 Rb8 29. Rfe1 gxh4 30. Re7 h3+ 31. Kh2 Rb2 32. Qxb2 Qxe7 33.
Rxe7 Bxb2 34. Kxh3 Bc3 35. g4 h6 36. Kh4 Rf8 37. Kh5 Bd2 38. Kg6 Rg8+ 39. Bxg8
Kxg8 40. Re8# 1-0

[Event "LLWestMV2014-15"]
[Site "?"]
[Date "2015.02.22"]
[Round "6.4"]
[White "Powilleit, Andy"]
[Black "Kuehn, Peter"]
[Result "1/2-1/2"]
[ECO "A80"]
[WhiteElo "1583"]
[BlackElo "1835"]
[PlyCount "90"]
[EventType "team-tourn"]
[EventRounds "9"]
[WhiteTeam "VfL Blau Weisz Neukloster"]
[BlackTeam "SV Malchower Schachinsel"]
[TimeControl "240+2"]

{597MB} 1. d4 f5 2. Nf3 Nf6 3. e3 g6 4. Bd3 Bg7 5. c3 d6 6. Bc4 d5 7. Bb5+ c6
8. Bd3 Nbd7 9. Ng5 Nb6 10. Nd2 h6 11. Nh3 O-O 12. Qc2 e5 13. dxe5 Ng4 14. Nf3
Nxe5 15. Nxe5 Bxe5 16. Bd2 Nd7 17. O-O-O Nc5 18. f3 Nxd3+ 19. Qxd3 Qa5 20. a3
Rd8 21. f4 Bg7 22. Nf2 Kf7 23. Qc2 Be6 24. h3 c5 25. Nd3 Rac8 26. Kb1 Qb6 27.
Ne5+ Bxe5 28. fxe5 d4 29. c4 d3 30. Qc3 Qa6 31. Rc1 Rd7 32. Rhf1 b5 33. cxb5
Qxb5 34. g4 Kg8 35. gxf5 Bxf5 36. Rxf5 gxf5 37. e6 Rg7 38. e4 fxe4 39. Bxh6
Rcc7 40. Bxg7 Rxg7 41. Re1 Qc6 42. e7 Qg6 43. Qxc5 d2 44. Qd5+ Kh7 45. Qxd2
Rxe7 1/2-1/2

[Event "LLWestMV2014-15"]
[Site "?"]
[Date "2015.02.22"]
[Round "6.5"]
[White "Hertel-Mach, Frank"]
[Black "Vormelker, Christian"]
[Result "1-0"]
[ECO "B21"]
[WhiteElo "1806"]
[BlackElo "1609"]
[PlyCount "59"]
[EventType "team-tourn"]
[EventRounds "9"]
[WhiteTeam "SV Malchower Schachinsel"]
[BlackTeam "VfL Blau Weisz Neukloster"]
[TimeControl "240+2"]

{597MB} 1. e4 c5 2. f4 Nc6 3. Nf3 d6 4. Be2 e6 5. O-O Be7 6. b3 Nf6 7. d3 O-O
8. Bb2 Qb6 9. Nbd2 d5 10. Ne5 Rd8 11. Nxc6 bxc6 12. e5 Nd7 13. Qe1 Nf8 14. Bh5
Bd7 15. Kh1 a5 16. Qg3 a4 17. Rab1 a3 18. Ba1 Rab8 19. f5 exf5 20. e6 Nxe6 21.
Rxf5 g6 22. Rxf7 Bd6 23. Qxd6 Kxf7 24. Rf1+ Kg8 25. Bg4 Nf8 26. Qf6 d4 27. Nc4
Qc7 28. Nd6 Bxg4 29. Nf7 Bf5 30. Nh6# 1-0

[Event "LLWestMV2014-15"]
[Site "?"]
[Date "2015.02.22"]
[Round "6.8"]
[White "Andersen, Henrik"]
[Black "Wahrmann, Eric"]
[Result "0-1"]
[ECO "B20"]
[WhiteElo "1056"]
[BlackElo "1481"]
[PlyCount "48"]
[EventType "team-tourn"]
[EventRounds "9"]
[WhiteTeam "VfL Blau Weisz Neukloster"]
[BlackTeam "SV Malchower Schachinsel"]
[TimeControl "240+2"]

{597MB} 1. e4 c5 2. Nc3 d6 3. Bc4 e6 4. Qe2 a6 5. a4 Nc6 6. Nf3 Be7 7. O-O Nf6
8. d3 O-O 9. Be3 d5 10. d4 cxd4 11. Bxd4 Nxd4 12. Nxd4 dxc4 13. Qxc4 e5 14. Nf3
Be6 15. Qe2 Qc7 16. Qe3 Ng4 17. Qc1 Rfd8 18. Rd1 Rxd1+ 19. Qxd1 Bc5 20. Nd5
Bxd5 21. exd5 Nxf2 22. Qe2 e4 23. Ne1 Ng4+ 24. Kf1 Nxh2# 0-1

[Event "LLWestMV2014-15"]
[Site "?"]
[Date "2015.03.15"]
[Round "7.2"]
[White "Wiemer, Juergen"]
[Black "Kornblum, Harry"]
[Result "1-0"]
[ECO "B22"]
[WhiteElo "1916"]
[BlackElo "1870"]
[PlyCount "63"]
[EventType "team-tourn"]
[EventRounds "9"]
[WhiteTeam "Volley-Tigers Ludwigslust 2000"]
[BlackTeam "SV Empor Kuehlungsborn"]
[TimeControl "240+2"]

{256MB} 1. e4 c5 2. c3 e6 3. d4 Nf6 4. e5 Nd5 5. Nf3 cxd4 6. cxd4 Nc6 7. Nc3
Nxc3 8. bxc3 d6 9. Bf4 Be7 10. Qa4 O-O 11. Bb5 Qc7 12. exd6 Bxd6 13. Bxd6 Qxd6
14. Bxc6 bxc6 15. O-O a5 16. Rfb1 Qc7 17. Ne5 c5 18. Qc4 Ba6 19. Qxc5 Qxc5 20.
dxc5 Rfc8 21. Nd7 Ra7 22. Rb6 f6 23. c6 Bc4 24. Rb7 Ra6 25. Nb6 Rxc6 26. Nxc4
Rxc4 27. Rd1 h6 28. Rdd7 Rg4 29. f3 Rg6 30. Rd8+ Kh7 31. h4 f5 32. Rbb8 1-0

[Event "LLWestMV2014-15"]
[Site "?"]
[Date "2015.03.15"]
[Round "7.3"]
[White "Busz, Stephan"]
[Black "Illgen, Alexander"]
[Result "0-1"]
[ECO "A49"]
[WhiteElo "1887"]
[BlackElo "1898"]
[PlyCount "30"]
[EventType "team-tourn"]
[EventRounds "9"]
[WhiteTeam "SV Empor Kuehlungsborn"]
[BlackTeam "Volley-Tigers Ludwigslust 2000"]
[TimeControl "240+2"]

{256MB} 1. Nf3 Nf6 2. d4 g6 3. g3 Bg7 4. Bg2 d6 5. O-O O-O 6. Bg5 Ne4 7. Bf4
Nd7 8. Ne1 d5 9. f3 Nef6 10. e4 Nb6 11. Nc3 Nh5 12. Be3 Nc4 13. Nxd5 e6 14. b3
Nxe3 15. Nxe3 Qxd4 0-1

[Event "LLWestMV2014-15"]
[Site "?"]
[Date "2015.03.15"]
[Round "7.4"]
[White "Krueger, Horst"]
[Black "Gipp, Thomas"]
[Result "1-0"]
[ECO "E85"]
[WhiteElo "1897"]
[BlackElo "1859"]
[PlyCount "58"]
[EventType "team-tourn"]
[EventRounds "9"]
[WhiteTeam "Volley-Tigers Ludwigslust 2000"]
[BlackTeam "SV Empor Kuehlungsborn"]
[TimeControl "240+2"]

{256MB} 1. d4 Nf6 2. c4 g6 3. Nc3 Bg7 4. e4 d6 5. f3 O-O 6. Nge2 Nc6 7. Be3 e5
8. d5 Ne7 9. Qd2 Ne8 10. g4 f5 11. gxf5 gxf5 12. Bh6 Ng6 13. Bg5 Bf6 14. Rg1 f4
15. h4 Ng7 16. O-O-O Nxh4 17. Bxh4 Bxh4 18. Rh1 a6 19. Bh3 Qf6 20. Kb1 Nh5 21.
Rdg1+ Kh8 22. Bxc8 Bf2 23. Rxh5 Bxg1 24. Bf5 Be3 25. Rxh7+ Kg8 26. Qe1 Qg5 27.
Qh1 Rxf5 28. Rh8+ Kf7 29. Qh7+ Qg7 1-0

[Event "LLWestMV2014-15"]
[Site "?"]
[Date "2015.03.15"]
[Round "7.5"]
[White "Pross, Benjamin"]
[Black "Hilpert, Andreas"]
[Result "0-1"]
[ECO "C50"]
[WhiteElo "1800"]
[BlackElo "1835"]
[PlyCount "106"]
[EventType "team-tourn"]
[EventRounds "9"]
[WhiteTeam "SV Empor Kuehlungsborn"]
[BlackTeam "Volley-Tigers Ludwigslust 2000"]
[TimeControl "240+2"]

{256MB} 1. e4 e5 2. Bc4 Nc6 3. Nf3 Be7 4. O-O d6 5. h3 g5 6. c3 h5 7. Kh2 g4 8.
Ng1 Nf6 9. d3 Na5 10. Bb3 Nxb3 11. axb3 Be6 12. c4 Qd7 13. h4 c6 14. g3 d5 15.
exd5 cxd5 16. Nc3 d4 17. Na4 Qc7 18. Bg5 Ng8 19. Bxe7 Nxe7 20. b4 b6 21. Ne2
Ng6 22. Qd2 Rd8 23. b5 Qe7 24. Qg5 Qxg5 25. hxg5 h4 26. Kg1 e4 27. c5 exd3 28.
Nf4 Nxf4 29. gxf4 Bd5 30. cxb6 axb6 31. Nxb6 Bf3 32. Nc4 O-O 33. b6 Rb8 34.
Rfd1 Bxd1 35. Rxd1 Rfc8 36. b3 Re8 37. Rxd3 Re4 38. f5 Rf4 39. f6 Ra8 40. b7
Rb8 41. Nd6 Kh7 42. b4 Kg6 43. Ra3 d3 44. Rxd3 Rxb4 45. Rc3 R4xb7 46. Nxb7 Rxb7
47. Rc5 Rb8 48. Kg2 Rh8 49. Ra5 Rh5 50. f4 Rh8 51. Ra7 h3+ 52. Kg3 h2 53. Kxg4
Rh4+ 0-1

[Event "LLWestMV2014-15"]
[Site "?"]
[Date "2015.03.15"]
[Round "7.7"]
[White "Prueter, Reinhard"]
[Black "Mitscherling, Reinhard"]
[Result "0-1"]
[ECO "A91"]
[WhiteElo "1636"]
[BlackElo "1791"]
[PlyCount "100"]
[EventType "team-tourn"]
[EventRounds "9"]
[WhiteTeam "SV Empor Kuehlungsborn"]
[BlackTeam "Volley-Tigers Ludwigslust 2000"]
[TimeControl "240+2"]

{256MB} 1. d4 f5 2. g3 Nf6 3. Bg2 d5 4. c4 e6 5. Nc3 Be7 6. Bg5 c6 7. cxd5 cxd5
8. Nf3 Nc6 9. e3 O-O 10. O-O Bd7 11. a3 a6 12. Re1 h6 13. Bxf6 Bxf6 14. Nd2 Be8
15. Rc1 Rc8 16. Bf1 Na5 17. b4 Nc4 18. Nxc4 dxc4 19. Na4 Bxa4 20. Qxa4 Qd6 21.
b5 axb5 22. Qxb5 c3 23. a4 Qc6 24. Qb3 Kh8 25. Rc2 e5 26. d5 Qc7 27. Rb1 Rfd8
28. e4 fxe4 29. Bh3 Rb8 30. Rxc3 Qd6 31. Be6 Bg5 32. Rc4 Rf8 33. Rxe4 Qc5 34.
Qb6 Qc2 35. Rbe1 Bd8 36. Qe3 b5 37. Qe2 Qc3 38. Re3 Qc5 39. axb5 Bb6 40. Kg2
Rf6 41. Kh3 Rbf8 42. Rxe5 Rxf2 43. Qh5 Qxb5 44. Rf5 Qb2 45. Rxf8+ Rxf8 46. Bf5
Qf2 47. Re8 Qf1+ 48. Kg4 Qd1+ 49. Kf4 Bc7+ 50. Ke4 Qe1+ 0-1

[Event "LLWestMV2014-15"]
[Site "?"]
[Date "2015.03.15"]
[Round "7.8"]
[White "Emmrich, Olaf"]
[Black "Behnke, Thomas"]
[Result "1-0"]
[ECO "C01"]
[WhiteElo "1785"]
[BlackElo "1555"]
[PlyCount "46"]
[EventType "team-tourn"]
[EventRounds "9"]
[WhiteTeam "Volley-Tigers Ludwigslust 2000"]
[BlackTeam "SV Empor Kuehlungsborn"]
[TimeControl "240+2"]

{256MB} 1. e4 e6 2. d4 d5 3. exd5 exd5 4. Bd3 Bd6 5. Nf3 Bg4 6. O-O Ne7 7. Re1
Nd7 8. Nbd2 O-O 9. Bxh7+ Kxh7 10. Ng5+ Kg8 11. Qxg4 Nf6 12. Qh3 Ng6 13. Ndf3
Re8 14. Bd2 Nf8 15. Ne5 Bxe5 16. dxe5 Ne4 17. Nxe4 dxe4 18. Bc3 Ng6 19. Rxe4
Qd5 20. Rae1 Rad8 21. Qe3 Nf8 22. Qg3 Ne6 23. h3 Qxa2 1-0

[Event "LLWestMV2014-15"]
[Site "?"]
[Date "2015.04.12"]
[Round "8.1"]
[White "Martens, Rolf-Dieter"]
[Black "Junggebauer, Thomas"]
[Result "1-0"]
[ECO "B44"]
[WhiteElo "1871"]
[BlackElo "1786"]
[PlyCount "84"]
[EventType "team-tourn"]
[EventRounds "9"]
[WhiteTeam "SV Einheit Schwerin"]
[BlackTeam "ASV GW Wismar II"]
[TimeControl "40/7200:20/3600:1800"]

{621MB} 1. e4 c5 2. Nf3 Nc6 3. d4 cxd4 4. Nxd4 e6 5. c4 Nf6 6.
Nc3 Be7 7. Be2 O-O 8. O-O a6 9. a3 Qc7 10. Nb3 b6 11. Be3 d6 12. Qc2 Ne5 13.
Nd2 Neg4 14. Bf4 e5 15. Bg5 h6 16. Bxg4 hxg5 17. Bxc8 Raxc8 18. Qd3 g6 19. Rfd1
Kg7 20. Rac1 Rfd8 21. b3 Qb7 22. Nf1 d5 23. Nxd5 Bxa3 24. Ra1 Bc5 25. Re1 b5
26. Qg3 Qa7 27. Re2 Re8 28. Qxg5 Bxf2+ 29. Kh1 Nxd5 30. cxd5 Rc3 31. Rd1 Bd4
32. Ng3 Qc5 33. Rf1 Kg8 34. Nh5 Qe7 35. Nf6+ Kg7 36. Nxe8+ Qxe8 37. Qf6+ Kg8
38. b4 Qf8 39. Ra2 Be3 40. Rxa6 Rc1 41. Rxc1 Bxc1 42. d6 Qc8 1-0

[Event "LLWestMV2014-15"]
[Site "?"]
[Date "2015.04.12"]
[Round "8.2"]
[White "Piske, Thomas"]
[Black "Fleischer, Matthias"]
[Result "1-0"]
[ECO "B07"]
[WhiteElo "1777"]
[BlackElo "1719"]
[PlyCount "81"]
[EventType "team-tourn"]
[EventRounds "9"]
[WhiteTeam "ASV GW Wismar II"]
[BlackTeam "SV Einheit Schwerin"]
[TimeControl "40/7200:20/3600:1800"]

{621MB} 1. e4 d6 2. d4 Nf6 3. Nc3 g6 4. f3 Bg7 5. Be3 O-O 6.
Qd2 c6 7. O-O-O a5 8. g4 b5 9. g5 b4 10. Na4 Ne8 11. h4 Bd7 12. h5 c5 13. Qh2
e6 14. b3 Bxa4 15. bxa4 Qe7 16. dxc5 dxc5 17. hxg6 fxg6 18. Qxh7+ Kf7 19. Qh2
Nc6 20. Ne2 Rh8 21. Qf4+ Kg8 22. Rxh8+ Bxh8 23. Bh3 Rd8 24. Bxc5 Rxd1+ 25. Kxd1
Qd7+ 26. Kc1 Bg7 27. Qd2 Qf7 28. Nf4 Nd8 29. Be3 Qc7 30. Nxe6 Nxe6 31. Bxe6+
Kf8 32. Qd5 Be5 33. Bc5+ Bd6 34. Bxd6+ Qxd6 35. Qxd6+ Nxd6 36. Bb3 Nb7 37. Kd2
Ke7 38. Kd3 Kd6 39. Kd4 Nd8 40. Bd5 Ne6+ 41. Bxe6 1-0